Gloria, chaotic female elven Ranger ------------- |....<......| .........O..| |......s....| .......@.).f| |...........+ ------------- Gloria the Trailblazer Experience level: 7 Strength: 18 Dexterity: 11 Constitution: 15 Intelligence: 14 Wisdom: 15 Charisma: 7 Health: 0(39) Energy: 49(49) AC: 3 Gold: 554 Moves: 4330 Your Inventory: Coins $ - 554 gold pieces Weapons a - an uncursed +1 elven dagger (alternate weapon; not wielded) b - an uncursed +1 elven bow (weapon in hand) c - 43 uncursed +2 elven arrows (in quiver) Armor e - an uncursed +2 elven cloak (being worn) i - a cursed [+0] ornamental cope named bones [cloak of magic resistance] j - an uncursed burnt +0 elven leather helm (being worn) C - an [uncursed] +0 pair of elven boots (being worn) Comestibles d - 2 uncursed sprigs of wolfsbane f - 3 uncursed lembas wafers t - 2 uncursed tripe rations A - 3 uncursed food rations B - an uncursed avocado U - a cursed carrot named bones Scrolls k - an uncursed unlabeled scroll [of blank paper] m - a blessed scroll of magic mapping q - 2 uncursed scrolls of enchant armor r - an uncursed scroll of enchant weapon J - a cursed scroll of earth named bones L - 2 cursed scrolls of confuse monster named bones Spellbooks z - an uncursed spellbook of force bolt E - an uncursed spellbook of detect monsters W - a cursed spellbook of cure blindness named bones X - an uncursed spellbook of fireball named bones Y - a cursed spellbook of cure sickness named bones Potions o - an uncursed magenta potion [of sleeping] x - a blessed potion of monster detection M - a cursed potion of booze named bones Rings u - an uncursed +2 ring of gain wisdom (on right hand) y - an uncursed ring of stealth P - an uncursed +1 ring of adornment named bones (on left hand) Q - a cursed ring of warning named bones Wands p - an uncursed wand of polymorph [0:1] R - a cursed wand of polymorph (0:5) Tools g - an uncursed lock pick h - an uncursed tin opener l - 6 uncursed [wax] candles w - an [uncursed +0] unicorn horn D - an uncursed magic whistle F - an uncursed looking glass [mirror] G - an [uncursed] key [skeleton key] H - an uncursed blindfold T - an uncursed beartrap Z - an uncursed magic marker named bones (0:27) Gems n - an uncursed worthless piece of violet glass v - an uncursed black gem [obsidian] Spells known in the end: Name Level Category Fail Memory a - drain life 2 attack 92% [|||||||.] b - force bolt 1 attack 38% [|||||||.] c - detect monsters 1 divination 38% [||||||||] Your skills at the end: Fighting Skills Weapon Skills dagger [Basic] bow [Basic] Spellcasting Skills Final Attributes: You were piously aligned. Hunger level was 214. Your alignment was 31 / 31. Monster difficulty range was 1 - 7. Level difficulty was 7. You were immune to sleep. You saw invisible. You were telepathic. You had automatic searching. You had infravision. You were adorned. You were stealthy. Your luck was zero. You are dead. Vanquished creatures: a ghost a large mimic 2 small mimics a white unicorn a gnome mummy a rope golem 4 bugbears a mountain nymph an orc shaman 2 yellow lights a gnomish wizard a gray ooze a paper golem a wax golem 9 giant ants 2 floating eyes a kitten a kobold lord 2 hill orcs 2 rothes a monkey a werejackal 2 iguanas an acid blob a gas spore 2 large kobolds 2 hobgoblins 6 giant rats a green mold a red mold a gnome 4 garter snakes 2 geckos a jackal 2 kobolds a goblin a sewer rat 4 grid bugs a bat 7 lichens a kobold zombie 11 newts 90 creatures vanquished. Voluntary challenges: You used a wielded weapon 25 times. You read items or engraved 13 times. You put on armor 4 times. You were wearing only elven armor. You never genocided any monsters. You never polymorphed an object. You never changed form. You used no wishes. You never wrote Elbereth's name. You encountered 1 bones level. You never used any Sokoban shortcuts. Dungeon overview: The Dungeons of Doom: levels 1 to 7 Level 1 a fountain a long staircase Level 2 a general store, a fountain a long staircase Level 3 a tool shop, a fountain, a sink Level 4 (PewPew Bones) Level 5 a scroll shop Level 6 some altars, a throne Level 7 <- You were here History has recorded: On T:1 you entered the Dungeons of Doom to retrieve the Amulet of Yendor! On T:558 you advanced to experience level 2. On T:740 you reached level 2 of The Dungeons of Doom. On T:878 you advanced to experience level 3. On T:946 you advanced to experience level 2. On T:1030 you advanced to experience level 3. On T:1033 you advanced to experience level 4. On T:1209 you reached level 3 of The Dungeons of Doom. On T:1210 you advanced to experience level 5. On T:2022 you reached level 4 of The Dungeons of Doom. On T:2185 you advanced to experience level 6. On T:2615 you reached level 5 of The Dungeons of Doom. On T:3511 you advanced to experience level 7. On T:4278 you reached level 7 of The Dungeons of Doom. Latest messages: The giant spider bites! [HP-22=11] Gerald bites the ogre. The ogre swings her club at Gerald. The ogre hits Gerald. The giant spider bites! [HP-5=6] Gerald bites the ogre. The ogre swings her club at Gerald. The ogre misses Gerald. The ogre reads a scroll of create monster! Gerald misses the ogre. The ogre picks up an uncursed +2 elven arrow. [HP+1=7] b - an uncursed +1 elven bow (weapon in hand). a - an uncursed +1 elven dagger (alternate weapon; not wielded). You begin bashing monsters with your elven bow. You miss the giant spider. Gerald bites the bat. The bat is killed! The giant spider bites! (2x) You die... Final status: Goodbye Gloria the Ranger... You died in The Dungeons of Doom on dungeon level 7 with 1819 points, and 554 pieces of gold, after 4330 moves. You were level 7 with a maximum of 39 hit points when you died.